AoeStats
← Doak

African Clearing

506733839Analyzed
3v3 RM · 18d ago on Sep 14, 2026· 53m 42s· 6 players
Game mode
Random Map
Map size
Normal (6 player)
Population
200
Speed
Normal
Resources
Standard
Victory
Conquest
Starting age
Dark Age
Ending age
Imperial Age
RankedLock teamsTeams togetherTeam positionsShared explorationLock speedFull tech treeHidden civsTurbo modeCheats
Victory
Defeat
🇦🇷 Mongols · Argentina
1464
+16
🇹🇷 Inca · Türkiye
1463
+16
🇧🇷 Shu · Brazil
1451
+16
🇺🇸 Berbers · United States
1534
-19
🇬🇧 Huns · United Kingdom
1426
-15
🇺🇸 Mongols · United States
1407
-14
GuguBot
13:24 Feudal Age
16:58 Castle Age
15:52 Fletching
15:59 Double-Bit Axe
17:05 Loom
16:59 Crossbowman
17:46 Bodkin Arrow
22:36 Padded Archer Armor
23:40 Leather Archer Armor
23:37 Gold Mining
27:38 Ballistics
27:56 Fishing Lines
30:46 Gillnets
34:10 Imperial Age
32:29 Thumb Ring
35:07 Gold Shaft Mining
36:00 Wheelbarrow
34:50 Arbalester
44:42 Chemistry
47:30 Bracer
51:58 Conscription
53:40 Ring Archer Armor
53:50 Bolt Magazine
ShapeOfMyHeart
4:35 Loom
13:56 Feudal Age
14:17 Champi Runner
15:56 Arson
16:59 Scale Mail Armor
19:54 Forging
26:27 Castle Age
24:38 Double-Bit Axe
24:42 Horse Collar
26:51 Gold Mining
27:16 Squires
27:07 Champi Warrior
36:18 Chain Mail Armor
37:15 Iron Casting
49:30 Bow Saw
49:23 Heavy Plow
NO TEAM NO POCKET
10:48 Loom
12:33 Feudal Age
16:49 Castle Age
15:13 Double-Bit Axe
18:34 Fletching
21:26 Town Watch
21:54 Bow Saw
23:01 Horse Collar
28:15 Bodkin Arrow
31:00 Wheelbarrow
35:30 Imperial Age
36:26 Imperial Age
34:17 Masonry
34:28 Ballistics
35:22 Padded Archer Armor
35:27 Heavy Plow
35:29 Gold Mining
36:03 Hand Cart
36:26 Bloodlines
36:38 Thumb Ring
37:11 Bracer
38:13 Chemistry
39:05 Leather Archer Armor
39:37 Parthian Tactics
40:46 Heavy Cavalry Archer
42:38 Scale Barding Armor
42:34 Husbandry
41:54 Light Cavalry
42:08 Capped Ram
43:02 Siege Ram
44:04 Drill
44:04 Conscription
44:53 Siege Engineers
44:25 Onager
46:00 Chain Barding Armor
45:51 Forging
45:57 Murder Holes
45:31 Hussar
48:21 Iron Casting
Almost600
5:27 Loom
12:31 Feudal Age
13:03 Double-Bit Axe
18:28 Fletching
20:36 Wheelbarrow
20:18 Horse Collar
23:11 Castle Age
21:50 Bloodlines
22:42 Scale Barding Armor
22:48 Forging
24:00 Husbandry
24:18 Bow Saw
27:04 Iron Casting
30:12 Chain Barding Armor
37:33 Gold Mining
40:58 Imperial Age
39:11 Bodkin Arrow
39:34 Padded Archer Armor
39:35 Town Watch
39:54 Stone Mining
41:04 Thumb Ring
41:45 Bracer
42:07 Ballistics
42:53 Chemistry
42:54 Leather Archer Armor
42:30 Elite Genitour
44:32 Ring Archer Armor
44:31 Heavy Plow
45:34 Cavalier
some.spiced.ham
5:44 Loom
12:18 Feudal Age
18:12 Castle Age
31:35 Fletching
33:53 Bodkin Arrow
36:40 Ballistics
37:44 Wheelbarrow
49:10 Double-Bit Axe
51:39 Hand Cart
Doak
10:38 Loom
13:35 Feudal Age
17:43 Castle Age
15:47 Fletching
15:47 Double-Bit Axe
16:45 Fletching
17:33 Padded Archer Armor
19:00 Bodkin Arrow
21:16 Leather Archer Armor
24:27 Ballistics
27:17 Bloodlines
28:15 Husbandry
31:39 Wheelbarrow
31:15 Bow Saw
39:52 Gold Mining
41:15 Hand Cart
43:34 Imperial Age
44:24 Bracer
45:31 Chemistry
Connection lost

Rejoining the realm…

Still unreachable

The connection could not be restored.

Session expired

The server has moved on; the page needs a fresh start.